 Dungeon Crawl Stone Soup version 0.30-a0-341-g682706514a (webtiles) character file.

Game seed: 5891552217901092385

104 Ijustatesigmund the Firebug (level 4, -1/30 HPs)
             Began as a Demonspawn Fire Elementalist on Nov 5, 2022.
             Killed by divine providence
             ... invoked by an orc priest
              (11 damage)
             ... on level 3 of the Dungeon.
             The game lasted 00:04:52 (2626 turns).

Ijustatesigmund the Firebug (DsFE)                  Turns: 2626, Time: 00:04:53

Health: -1/30      AC:  8    Str:  9    XL:     4   Next: 52%
Magic:  3/7        EV: 12    Int: 18    God:
Gold:   125        SH:  0    Dex: 13    Spells: 5/8 levels left

rFire   . . .      SeeInvis .    f - +0 mace
rCold   . . .      Faith    .    (no shield)
rNeg    . . .      Spirit   .    a - +1 robe
rPois   .          Reflect  .    (helmet restricted)
rElec   .          Harm     .    (no cloak)
rCorr   .          Rampage  .    (no gloves)
Will    .....                    d - +2 pair of boots
Stlth   ++........               (no amulet)
HPRegen 0.25/turn                (no ring)
MPRegen 0.20/turn                (no ring)

@: no status effects
A: horns 1, thin metallic scales 1, magic regeneration
a: no special abilities


You were on level 3 of the Dungeon.
You visited 1 branch of the dungeon, and saw 4 of its levels.

You collected 125 gold pieces.

Inventory:

Hand Weapons
 f - a +0 mace (weapon)
Missiles
 i - a throwing net
Armour
 a - a +1 robe (worn)
 d - a +2 pair of boots (worn)
Wands
 c - a wand of flame (22)
Scrolls
 h - a scroll of vulnerability
 l - a scroll of blinking
 m - a scroll of poison
Potions
 b - a potion of magic
 e - 3 potions of heal wounds
 g - 3 potions of haste
 j - 2 potions of attraction
 k - a potion of ambrosia
 n - 2 potions of might {unknown}


   Skills:
 - Level 1.7 Dodging
 - Level 1.7 Stealth
 + Level 2.6 Spellcasting
 + Level 2.7 Conjurations
 + Level 3.6 Fire Magic
 + Level 0.4 Evocations


You had 5 spell levels left.
You knew the following spells:

 Your Spells              Type           Power      Damage    Failure   Level
a - Foxfire               Conj/Fire      56%        2x1d6     4%          1
b - Scorch                Fire           30%        2d7       5%          2

Your spell library contained the following spells:

 Spells                   Type           Power      Damage    Failure   Level
 Inner Flame              Hex/Fire       9%         N/A       24%         3
 Stone Arrow              Conj/Erth      14%        3d7       28%         3
 Kindle Blastsparks       Fire/Tloc/Air  12%        2d11      30%         3
 Flame Wave               Conj/Fire      14%        2d6       41%         4
 Animate Armour           Summ/Erth      4%         N/A       86%         4
 Lehudib's Crystal Spear  Conj/Erth      3%         10d3      100%        8


Dungeon Overview and Level Annotations

Branches:
Dungeon (4/15)
 Temple: D:4-7

Altars:


Innate Abilities, Weirdness & Mutations

You have a pair of small horns on your head.
You are partially covered in thin metallic scales. (AC +2)
You regenerate magic rapidly.


Message History

You hear the quick rusting of a very distant drain.
The orc hits you but does no damage.
There is a stone staircase leading down here.
Casting: Foxfire (safe; 4% risk of failure)
Confirm with . or Enter, or press ? or * to list all spells.
You conjure some foxfire!
The orc hits you but does no damage.
The foxfire hits the orc but does no damage.
The foxfire hits the orc.
The orc is severely wounded.
The orc barely misses you.
An orc priest comes into view. It is wielding a +1 whip of freezing.
Casting: Foxfire (safe; 4% risk of failure)
Confirm with . or Enter, or press ? or * to list all spells.
You conjure some foxfire!
The orc priest mumbles some strange prayers to Beogh against you.
Pain shoots through your body! The orc hits you but does no damage.
The foxfire hits the orc.
You kill the orc!
The foxfire hits the orc priest but does no damage.
Casting: Foxfire (safe; 4% risk of failure)
Confirm with . or Enter, or press ? or * to list all spells.
You conjure some foxfire!
The foxfire hits the orc priest but does no damage.
The orc priest invokes the aid of Beogh against you.
Beogh smites you!
The orc priest looks satisfied for a moment.
Casting: Foxfire (safe; 4% risk of failure)
Confirm with . or Enter, or press ? or * to list all spells.
You conjure some foxfire!
The foxfire hits the orc priest but does no damage.
The foxfire hits the orc priest.
The orc priest is lightly wounded.
The foxfire hits the orc priest but does no damage.
The orc priest is lightly wounded.
Casting: Foxfire (safe; 4% risk of failure)
Confirm with . or Enter, or press ? or * to list all spells.
You conjure some foxfire!
The orc priest invokes the aid of Beogh against you.
Beogh smites you!
You die...

.# .# #
##.####o
?......
#..(.##
##...§.# #
#..o§.#
#.##v§#.#
#...v@..###..
####§........
#.########
#.# #.# .
####.###....
# #........#
#.##.##..##.
##.##........


You could see an orc priest (ally target).

Vanquished Creatures
  4 adders
  A worm (D:2)
  2 dart slugs
  2 orcs (D:3)
  2 ball pythons (D:1)
  6 bats
  4 endoplasms
  2 giant cockroaches
  4 hobgoblins
  2 jackals (D:1)
  2 quokkas
  11 frilled lizards
  5 goblins
  6 kobolds
  4 rats
57 creatures vanquished.

Vanquished Creatures (collateral kills)
  A dart slug (D:2)
  A kobold (D:2)
2 creatures vanquished.

Vanquished Creatures (others)
  161 foxfires
161 creatures vanquished.

Grand Total: 220 creatures vanquished

Notes
Turn   | Place    | Note
-------+----------+-------------------------------------------
     0 | D:1      | Ijustatesigmund the Demonspawn Fire Elementalist began the
                  | quest for the Orb.
     0 | D:1      | Reached XP level 1. HP: 13/13 MP: 3/3
   258 | D:1      | Gained mutation: You have a pair of small horns on your
                  | head. [demonic ancestry]
   258 | D:1      | Reached XP level 2. HP: 14/19 MP: 3/5
   260 | D:1      | Reached skill level 3 in Fire Magic
   263 | D:1      | Learned a level 2 spell: Scorch
  1149 | D:1      | Gained mutation: You regenerate magic rapidly. [demonic
                  | ancestry]
  1149 | D:1      | Reached XP level 3. HP: 24/24 MP: 1/6
  1956 | D:2      | Gained mutation: You are partially covered in thin metallic
                  | scales. (AC +2) [demonic ancestry]
  1956 | D:2      | Reached XP level 4. HP: 30/30 MP: 5/7
  2626 | D:3      | Killed from afar by an orc priest

Illustrated notes

Levels and vault maps discovered:
D:1:      evilmike_arrival_plus, layout_loops_ring, chequers_arboretum,
          minmay_lizard_pond
D:2:      layout_rooms
D:3:      layout_loops_cross, cheibrodos_sewer_entry_sluice, serial_shops, shop,
          chequers_hall_statues_wall_a, item_on_display_a
D:4:      layout_gridville, uniq_edmund

Skill      XL: |  1  2 |
---------------+-------+-----
Fire Magic     | 3 |  3.6
Conjurations   | 2 |  2.7
Dodging        | |  1.7
Stealth        | |  1.7
Spellcasting   | |  2.6
Evocations     | |  0.4

Action                   |  1- 3 |  4- 6 || total
-------------------------+-------+-------++-------
Melee: Dagger            |     3 |       ||     3
       Mace              |     5 |     1 ||     6
 Cast: Foxfire           |    74 |    37 ||   111
  Use: Scroll            |     7 |     3 ||    10
Armor: Robe              |     6 |     5 ||    11
Dodge: Dodged            |    20 |     1 ||    21

Table legend: (Time is in decaauts)
 A = Elapsed time spent in this place.
 B = Non-inter-level travel time spent in this place.
 C = Inter-level travel time spent in this place.
 D = Time resting spent in this place.
 E = Time spent auto-exploring this place.
 F = Levels seen in this place.
 G = Mean time per level.
                   A        B        C        D        E       F      G
               +--------+--------+--------+--------+--------+-----+--------+
         Total |   2627 |   2597 |     30 |    355 |   1790 |   4 |  656.8 |
       Dungeon |   2627 |   2597 |     30 |    355 |   1790 |   4 |  656.8 |
               +--------+--------+--------+--------+--------+-----+--------+

Top non-repeatable levels by time:
     D:1: 1409 daAuts
     D:2: 717 daAuts
     D:3: 435 daAuts
     D:4: 64 daAuts
